 Dungeon Crawl Stone Soup version 0.23.2-33-g5129a83184 (webtiles) character file.

Game seed: 12842589112746932064

414 FishyPogo the Grave Robber (level 6, -1/32 HPs)
             Began as a Deep Elf Necromancer on July 30, 2019.
             Slain by Richi's ghost (12 damage)
             ... on level 3 of the Dungeon.
             The game lasted 00:35:28 (4682 turns).

FishyPogo the Grave Robber (Deep Elf Necromancer)   Turns: 4682, Time: 00:35:28

Health: -1/32      AC:  4    Str:  5    XL:     6   Next: 60%
Magic:  9/16       EV: 13    Int: 22    God:
Gold:   153        SH:  0    Dex: 15    Spells: 7/16 levels left

rFire    . . .     SeeInvis .   a - staff of conjuration
rCold    . . .     Gourm    .   (no shield)
rNeg     . . .     Faith    .   f - +1 robe
rPois    .         Spirit   .   (no helmet)
rElec    .         Reflect  .   (no cloak)
rCorr    +         Harm     .   s - +0 pair of gloves
MR       .....                  (no boots)
Stlth    +++.......             (no amulet)
HPRegen  0.10/turn              d - ring of resist corrosion
MPRegen  0.15/turn              (no ring)

@: no status effects
A: no striking features
a: no special abilities


You were on level 3 of the Dungeon.
You were very hungry.

You visited 1 branch of the dungeon, and saw 3 of its levels.

You collected 153 gold pieces.

Inventory:

Hand Weapons
 b - a +0 trident
 n - a +1 arbalest
Armour
 f - a +1 robe (worn)
 s - a +0 pair of gloves (worn)
Magical Staves
 a - an uncursed staff of conjuration (weapon)
Jewellery
 d - a ring of resist corrosion (left hand)
Wands
 p - a wand of random effects (24)
Scrolls
 g - 3 scrolls of remove curse {unknown}
 h - a scroll of amnesia {unknown}
 i - 2 scrolls of immolation {unknown}
 l - 2 scrolls of teleportation {unknown}
 m - 4 scrolls of identify {unknown}
 r - a scroll of fear {unknown}
Potions
 e - a potion of mutation {unknown}
 j - a potion of heal wounds {unknown}
 k - a potion of haste {unknown}
 o - a potion of curing {unknown}
Comestibles
 c - 4 rations


   Skills:
 - Level 0.9(1.1) Polearms
 * Level 1.2(1.5) Staves
 + Level 1.8 Crossbows
 + Level 3.2 Dodging
 * Level 4.0 Stealth
 + Level 5.5 Spellcasting
 * Level 2.6 Charms
 + Level 6.0 Necromancy


You had 7 spell levels left.
You knew the following spells:

 Your Spells              Type           Power        Failure   Level  Hunger
a - Pain                  Necr           ####         1%          1    None
b - Animate Skeleton      Necr           N/A          1%          1    None
c - Regeneration          Chrm/Necr      ####......   4%          3    ##.....
d - Animate Dead          Necr           N/A          9%          4    ####...

Your spell library contained the following spells:

 Spells                   Type           Power        Failure   Level  Hunger
 Vampiric Draining        Necr           ####......   2%          3    ##.....


Dungeon Overview and Level Annotations

Branches:
Dungeon (3/15)

Altars:
Nemelex Xobeh
Trog
Beogh

Annotations:
D:3 Richi's ghost, amateur MiFi


Message History

Aim: an orc, wielding a +0 mace (heavily wounded, chance to defeat MR: 93%)
The orc writhes in agony.
Richi's ghost misses you. The orc barely misses you.
The orc closely misses you.
Casting: Pain (safe; 1% risk of failure)
Confirm with . or Enter, or press ? or * to list all spells.
Aiming: Pain (safe; 1% risk of failure)
Press: ? - help, Shift-Dir - straight line, f/p - orc
Aim: an orc, wielding a +0 mace (heavily wounded, chance to defeat MR: 93%)
The orc writhes in agony.
You kill the orc!
Richi's ghost hits you.
The orc hits you from afar with a +0 trident!
Your skin is crawling a little less now.
Your skin stops crawling.
Richi's ghost shouts, "You will never get the ORB!"
Richi's ghost hits you!
You see here a +0 club.
There is a stone staircase leading down here.
Richi's ghost hits you!
You die...

#..#..#8..#.......#####
#o.#..##..#######.#
#oo#.....8 #.#
#.8####### #.# #o####(#
#.# ### #.oo.).#######
#.###.. ######o#.....#
#.#....
#W#.....####.#....
#@'.....(....'....
###.....####.#)...
####### #.#....
###'#.... #........
#.....### #.....#
###'### ##'##


You could see Richi's ghost and an orc.

Vanquished Creatures
  Sigmund (D:3)
  2 jellies (D:3)
  Terence (D:3)
  2 adders (D:2)
  9 oozes (D:3)
  4 worms
  2 dart slugs
  2 leopard geckos
  13 orcs
  A ball python (D:1)
  7 bats
  5 giant cockroaches
  4 goblins
  8 hobgoblins
  7 jackals
  3 frilled lizards
  11 kobolds
  7 rats
89 creatures vanquished.

Vanquished Creatures (collateral kills)
  A dart slug (D:2)
  A leopard gecko (D:1)
  A ball python (D:1)
  2 bats (D:1)
  A goblin (D:1)
  4 jackals
  A kobold (D:3)
  2 rats (D:1)
13 creatures vanquished.

Vanquished Creatures (others)
  8 fungi (D:3)
  5 toadstools (D:3)
13 creatures vanquished.

Grand Total: 115 creatures vanquished

Notes
Turn   | Place    | Note
-------+----------+-------------------------------------------
     0 | D:1      | FishyPogo the Deep Elf Necromancer began the quest for the
                  | Orb.
     0 | D:1      | Reached XP level 1. HP: 10/10 MP: 6/6
     2 | D:1      | Learned a level 1 spell: Animate Skeleton
   160 | D:2      | Reached skill level 5 in Necromancy
   170 | D:2      | Reached XP level 2. HP: 6/15 MP: 0/8
   827 | D:1      | Reached XP level 3. HP: 15/19 MP: 7/10
  2205 | D:2      | Reached XP level 4. HP: 18/24 MP: 7/12
  2485 | D:2      | Learned a level 3 spell: Regeneration
  2790 | D:3      | Reached skill level 5 in Spellcasting
  3012 | D:3      | Learned a level 4 spell: Animate Dead
  3163 | D:3      | Reached XP level 5. HP: 24/28 MP: 9/14
  3171 | D:3      | Reached skill level 1 in Crossbows
  3171 | D:3      | Reached skill level 1 in Charms
  3835 | D:3      | Found a sparkling altar of Nemelex Xobeh.
  4130 | D:3      | Found a runed translucent gate.
  4131 | D:3      | Found a runed translucent gate.
  4131 | D:3      | Noticed Richi's ghost (amateur MiFi)
  4132 | D:3      | Found a runed translucent gate.
  4136 | D:3      | Identified the +6 chain mail of the Imp {rN+ Stlth+}
  4137 | D:3      | Found a roughly hewn altar of Beogh.
  4203 | D:3      | Noticed Sigmund
  4212 | D:3      | Killed Sigmund
  4212 | D:3      | Reached skill level 1 in Staves
  4212 | D:3      | Reached XP level 6. HP: 24/32 MP: 8/16
  4403 | D:3      | Noticed Terence
  4411 | D:3      | Killed Terence
  4411 | D:3      | Reached skill level 6 in Necromancy
  4413 | D:3      | Found a bloodstained altar of Trog.
  4682 | D:3      | Slain by Richi's ghost

Skill      XL: |  1  2  3  4  5  6 |
---------------+-------------------+-----
Necromancy     | 5 6 |  6.0
Spellcasting   | 4 5 |  5.5
Crossbows      | 1 |  1.8
Stealth        | 3 4 |  4.0
Charms         | 2 |  2.6
Staves         | 1 |  1.2
Dodging        | 3 |  3.2
Polearms       | |  0.9

Action                   |  1- 3 |  4- 6 || total
-------------------------+-------+-------++-------
Melee: Trident           |    27 |     7 ||    34
       Staff             |       |    17 ||    17
 Cast: Pain              |    69 |   128 ||   197
       Animate Skeleton  |    21 |    18 ||    39
       Animate Dead      |       |     1 ||     1
       Regeneration      |       |     1 ||     1
  Use: Scroll            |       |     2 ||     2
 Stab: Sleeping          |     2 |     5 ||     7
       Distracted        |     1 |       ||     1
  Eat: Chunk             |     4 |     6 ||    10
Armor: Robe              |     7 |     9 ||    16
Dodge: Dodged            |    28 |    45 ||    73
